AA
CHICAGO DOGS @ TUCSON CHAMELEONS
08/06/2098
 
TOP OF THE 1ST
Fargo-Moorhead RedHawks batting - Pitching for Sioux City Explorers : RHP Jason Rourke
Pitching: RHP Jason Rourke
Batting: LHB Nate Berger 0-0: Ball
1-0: Ball
2-0: Called Strike
2-1: Ball
3-1: DOUBLE (Flyball, 8LXD, EV 93.8 MPH)
Batting: SHB Ricardo Trejo 0-0: Ball
1-0: Foul Ball, location: 9LSF
1-1: Foul Ball, location: 25F
1-2: Fly out, F7 (Flyball, 7S, EV 95.0 MPH)
Batting: RHB Tyrese Dangerfield 0-0: Ball
1-0: Ground out 5-3 (Groundball, 56, EV 83.1 MPH)
Batting: LHB Bart Zucker 0-0: Ball
1-0: Fly out, F7 (Flyball, 78M, EV 95.0 MPH)
Top of the 1st over - 0 runs, 1 hit, 0 errors, 1 left on base; Fargo-Moorhead 0 - Sioux City 0
BOTTOM OF THE 1ST
Sioux City Explorers batting - Pitching for Fargo-Moorhead RedHawks : RHP Casey Bac
Pitching: RHP Casey Bac
Batting: RHB Lee McNutt 0-0: Fly out, F4 (Line Drive, 4, EV 68.1 MPH)
Batting: RHB Matt Moreno 0-0: Ground out U3 (Groundball, 34S, EV 89.4 MPH)
Batting: LHB Terry Richardson 0-0: Called Strike
0-1: Called Strike
0-2: Strikes out looking
Bottom of the 1st over - 0 runs, 0 hits, 0 errors, 0 left on base; Fargo-Moorhead 0 - Sioux City 0
TOP OF THE 2ND
Fargo-Moorhead RedHawks batting - Pitching for Sioux City Explorers : RHP Jason Rourke
Batting: LHB Steve Hans 0-0: Foul Ball, location: 2F
0-1: Fly out, F8 (Flyball, 8LM, EV 87.5 MPH)
Batting: RHB Jerry Anaya 0-0: Ball
1-0: Ground out 5-3 (Groundball, 56, EV 104.4 MPH)
Batting: RHB Pedro Altamirano 0-0: Ball
1-0: SINGLE (Line Drive, 56, EV 106.9 MPH)
Batting: RHB Octavio Herrera 0-0: Ball
1-0: Swinging Strike
1-1: Ball
2-1: Called Strike
2-2: Strikes out swinging
Top of the 2nd over - 0 runs, 1 hit, 0 errors, 1 left on base; Fargo-Moorhead 0 - Sioux City 0
BOTTOM OF THE 2ND
Sioux City Explorers batting - Pitching for Fargo-Moorhead RedHawks : RHP Casey Bac
Batting: LHB Mike Peirce 0-0: Ball
1-0: Ball
2-0: Foul Ball, location: 5F, Error on foul ball, E5
2-1: Fly out, F9 (Flyball, 9D, EV 106.3 MPH)
Batting: LHB Felipe Ruiz 0-0: Ball
1-0: Swinging Strike
1-1: Foul Ball, location: 25FF
1-2: Foul Ball, location: 7LMFF
1-2: Foul Ball, location: 9LSF
1-2: Ball
2-2: Fly out, F8 (Line Drive, 8LD, EV 92.5 MPH)
Batting: SHB Omar Crespo 0-0: Called Strike
0-1: Ball
1-1: Hit by Pitch
Batting: RHB Mark Lockhart 0-0: Called Strike
Omar Crespo steals 2nd base
0-1: Ground out 5-3 (Groundball, 56, EV 88.8 MPH)
Bottom of the 2nd over - 0 runs, 0 hits, 1 error, 1 left on base; Fargo-Moorhead 0 - Sioux City 0
TOP OF THE 3RD
Fargo-Moorhead RedHawks batting - Pitching for Sioux City Explorers : RHP Jason Rourke
Batting: RHB Rafael Arredondo 0-0: Called Strike
0-1: Ball
1-1: Called Strike
1-2: Foul Ball, location: 7LSF
1-2: Ball
2-2: Strikes out swinging
Batting: LHB Nate Berger 0-0: Ball
1-0: Ground out 4-3 (Groundball, 34D, EV 102.5 MPH)
Batting: SHB Ricardo Trejo 0-0: Ball
1-0: Ball
2-0: Ball
3-0: Called Strike
3-1: Foul Ball, location: 3FF
3-2: Strikes out swinging
Top of the 3rd over - 0 runs, 0 hits, 0 errors, 0 left on base; Fargo-Moorhead 0 - Sioux City 0
BOTTOM OF THE 3RD
Sioux City Explorers batting - Pitching for Fargo-Moorhead RedHawks : RHP Casey Bac
Batting: RHB Adrian Tableriou 0-0: Ball
1-0: Called Strike
1-1: SINGLE (Line Drive, 89S, EV 85.0 MPH)
Batting: RHB Masayoshi Kubo 0-0: Called Strike
0-1: Bunt missed!
0-2: Ball
1-2: Fly out, F7 (Flyball, 7, EV 91.9 MPH)
Batting: RHB Lee McNutt 0-0: Called Strike
0-1: Swinging Strike
0-2: Ball
1-2: Strikes out swinging
Batting: RHB Matt Moreno 0-0: Called Strike
0-1: Foul Ball, location: 9LSF
0-2: Ball
1-2: Foul Ball, location: 3F
1-2: Fly out, F7 (Flyball, 78M, EV 84.4 MPH)
Bottom of the 3rd over - 0 runs, 1 hit, 0 errors, 1 left on base; Fargo-Moorhead 0 - Sioux City 0
TOP OF THE 4TH
Fargo-Moorhead RedHawks batting - Pitching for Sioux City Explorers : RHP Jason Rourke
Batting: RHB Tyrese Dangerfield 0-0: Called Strike
0-1: SINGLE (Groundball, 6MD, EV 105.6 MPH)
Batting: LHB Bart Zucker 0-0: Ball
1-0: Fly out, F9 (Flyball, 89M, EV 95.0 MPH)
Batting: LHB Steve Hans 0-0: Ball
1-0: Ball
2-0: Foul Ball, location: 23F
2-1: Ball
3-1: Base on Balls
Tyrese Dangerfield to second
Batting: RHB Jerry Anaya 0-0: Fly out, F7 (Flyball, 7S, EV 85.6 MPH)
Batting: RHB Pedro Altamirano 0-0: Swinging Strike
0-1: Foul Ball, location: 9LDF
0-2: Foul Ball, location: 2F
0-2: Ball
1-2: Strikes out swinging
Top of the 4th over - 0 runs, 1 hit, 0 errors, 2 left on base; Fargo-Moorhead 0 - Sioux City 0
BOTTOM OF THE 4TH
Sioux City Explorers batting - Pitching for Fargo-Moorhead RedHawks : RHP Casey Bac
Batting: LHB Terry Richardson 0-0: SINGLE (Groundball, 4S, EV 74.4 MPH) (infield hit)
Batting: LHB Mike Peirce 0-0: SINGLE (Line Drive, 4MD, EV 103.1 MPH)
Terry Richardson to second
Runner from 2nd tries for 3rd, SAFE, throw by CF made to third
Batting: LHB Felipe Ruiz 0-0: Called Strike
0-1: SINGLE (Popup, 15S, EV 90.0 MPH)
Terry Richardson scores
Mike Peirce to second
Batting: SHB Omar Crespo 0-0: Ball
1-0: Ball
2-0: Called Strike
2-1: Called Strike
2-2: Ball
3-2: 3-RUN HOME RUN (Flyball, 9D, EV 97.5 MPH), Distance : 379 ft
Batting: RHB Mark Lockhart 0-0: Ball
1-0: SINGLE (Line Drive, 8LS, EV 107.5 MPH)
Batting: RHB Adrian Tableriou 0-0: Called Strike
0-1: Called Strike
0-2: SINGLE (Line Drive, 9S, EV 88.1 MPH)
Mark Lockhart to second
Batting: RHB Masayoshi Kubo 0-0: Ball
1-0: Ball
2-0: Foul Ball, location: 2F
2-1: Ball
3-1: Grounds into double play, 3-6-3 (Groundball, 3, EV 109.4 MPH)
Mark Lockhart to third
Batting: RHB Lee McNutt 0-0: Ball
1-0: Ball
2-0: Ball
3-0: Called Strike
3-1: Base on Balls
Batting: RHB Matt Moreno 0-0: Foul Ball, location: 2F
0-1: Swinging Strike
0-2: Ball
1-2: Fly out, F6 (Line Drive, 56D, EV 63.1 MPH)
Bottom of the 4th over - 4 runs, 6 hits, 0 errors, 2 left on base; Fargo-Moorhead 0 - Sioux City 4
TOP OF THE 5TH
Fargo-Moorhead RedHawks batting - Pitching for Sioux City Explorers : RHP Jason Rourke
Batting: RHB Octavio Herrera 0-0: Ball
1-0: Ball
2-0: Ball
3-0: Called Strike
3-1: Foul Ball, location: 5FF
3-2: Foul Ball, location: 9LDF
3-2: Ground out 4-3 (Groundball, 4, EV 88.1 MPH)
Batting: RHB Rafael Arredondo 0-0: Called Strike
0-1: Ball
1-1: Called Strike
1-2: Ball
2-2: Foul Ball, location: 5F
2-2: Ground out 6-3 (Groundball, 56, EV 81.9 MPH)
Batting: LHB Nate Berger 0-0: Ball
1-0: Fly out, F9 (Flyball, 9D, EV 94.4 MPH)
Top of the 5th over - 0 runs, 0 hits, 0 errors, 0 left on base; Fargo-Moorhead 0 - Sioux City 4
BOTTOM OF THE 5TH
Sioux City Explorers batting - Pitching for Fargo-Moorhead RedHawks : RHP Casey Bac
Batting: LHB Terry Richardson 0-0: Ball
1-0: Ground out 4-3 (Groundball, 4, EV 87.5 MPH)
Batting: LHB Mike Peirce 0-0: SINGLE (Line Drive, 9LS, EV 88.8 MPH)
Batting: LHB Felipe Ruiz 0-0: Called Strike
0-1: Foul Ball, location: 2F
0-2: Strikes out swinging
Batting: SHB Omar Crespo 0-0: Ball
1-0: Called Strike
1-1: Ball
2-1: Foul Ball, location: 2RF
2-2: Strikes out looking
Bottom of the 5th over - 0 runs, 1 hit, 0 errors, 1 left on base; Fargo-Moorhead 0 - Sioux City 4
TOP OF THE 6TH
Fargo-Moorhead RedHawks batting - Pitching for Sioux City Explorers : RHP Jason Rourke
Batting: SHB Ricardo Trejo 0-0: Called Strike
0-1: Ball
1-1: Foul Ball, location: 2F
1-2: Strikes out swinging
Batting: RHB Tyrese Dangerfield 0-0: Called Strike
0-1: Ball
1-1: Foul Ball, location: 2F
1-2: Ground out 5-3 (Groundball, 56S, EV 78.1 MPH)
Batting: LHB Bart Zucker 0-0: Foul Ball, location: 3F
0-1: Hit by Pitch
Batting: LHB Steve Hans 0-0: Called Strike
0-1: Fly out, F2 (Popup, 5SF, EV 84.4 MPH)
Top of the 6th over - 0 runs, 0 hits, 0 errors, 1 left on base; Fargo-Moorhead 0 - Sioux City 4
BOTTOM OF THE 6TH
Sioux City Explorers batting - Pitching for Fargo-Moorhead RedHawks : RHP Casey Bac
Batting: RHB Mark Lockhart 0-0: Called Strike
0-1: Ball
1-1: Ball
2-1: Foul Ball, location: 5F
2-2: Strikes out swinging
Batting: RHB Adrian Tableriou 0-0: Foul Ball, location: 5F
0-1: Foul Ball, location: 2F
0-2: SINGLE (Groundball, 4MD, EV 95.6 MPH)
Batting: RHB Masayoshi Kubo 0-0: Ball
1-0: Foul Ball, location: 7LMFF
1-1: Ball
2-1: Ball
3-1: Foul Ball, location: 3F
3-2: Foul Ball, location: 7LMF
3-2: SINGLE (Line Drive, 4MD, EV 98.1 MPH)
Adrian Tableriou to second
Batting: RHB Lee McNutt 0-0: Called Strike
0-1: Ball
1-1: Ball
2-1: Foul Ball, location: 9LMF
2-2: Foul Ball, location: 7LDF
2-2: Ball
3-2: Foul Ball, location: 23F
3-2: Strikes out swinging
Batting: RHB Matt Moreno 0-0: Ball
1-0: Called Strike
1-1: Foul Ball, location: 2F
1-2: Strikes out swinging
Bottom of the 6th over - 0 runs, 2 hits, 0 errors, 2 left on base; Fargo-Moorhead 0 - Sioux City 4
TOP OF THE 7TH
Fargo-Moorhead RedHawks batting - Pitching for Sioux City Explorers : RHP Jason Rourke
Pitching: RHP Toshikazu Yoshida
Batting: RHB Jerry Anaya 0-0: Ball
1-0: Swinging Strike
1-1: Foul Ball, location: 9LMFF
1-2: Ball
2-2: Ball
3-2: Strikes out looking
Batting: RHB Pedro Altamirano 0-0: Called Strike
0-1: Ball
1-1: DOUBLE (Flyball, 89XD, EV 107.5 MPH)
Batting: RHB Octavio Herrera 0-0: Called Strike
0-1: Ball
1-1: Called Strike
1-2: Ball
2-2: Strikes out swinging
Batting: RHB Rafael Arredondo 0-0: Swinging Strike
0-1: Called Strike
0-2: Strikes out swinging
Top of the 7th over - 0 runs, 1 hit, 0 errors, 1 left on base; Fargo-Moorhead 0 - Sioux City 4
BOTTOM OF THE 7TH
Sioux City Explorers batting - Pitching for Fargo-Moorhead RedHawks : RHP Casey Bac
Pitching: LHP Hunter Sommers
Batting: LHB Terry Richardson 0-0: Ball
1-0: Swinging Strike
1-1: Swinging Strike
1-2: Strikes out swinging
Batting: LHB Mike Peirce 0-0: Ball
1-0: Called Strike
1-1: Ball
2-1: Swinging Strike
2-2: Strikes out looking
Batting: LHB Felipe Ruiz 0-0: Ball
1-0: Foul Ball, location: 7LDF
1-1: Swinging Strike
1-2: Ball
2-2: Strikes out looking
Bottom of the 7th over - 0 runs, 0 hits, 0 errors, 0 left on base; Fargo-Moorhead 0 - Sioux City 4
TOP OF THE 8TH
Fargo-Moorhead RedHawks batting - Pitching for Sioux City Explorers : RHP Toshikazu Yoshida
Batting: LHB Nate Berger 0-0: Called Strike
0-1: Ball
1-1: Swinging Strike
1-2: DOUBLE (Line Drive, 9LS, EV 103.1 MPH)
Batting: SHB Ricardo Trejo 0-0: SINGLE (Line Drive, 4MD, EV 103.1 MPH)
Nate Berger to third
Batting: RHB Tyrese Dangerfield 0-0: Called Strike
0-1: Foul Ball, location: 23FF
0-2: Strikes out swinging
Batting: LHB Bart Zucker 0-0: Foul Ball, location: 7LSF
0-1: Foul Ball, location: 2F
0-2: Fielders Choice at 2nd, 3-6 (Groundball, 3, EV 85.0 MPH)
Nate Berger scores
Pitching: RHP Victor Espinoza
Batting: LHB Steve Hans 0-0: Foul Ball, location: 7LDF
0-1: Foul Ball, location: 7LDF
0-2: Ball
1-2: Reached on error, E6 (Groundball, 6, EV 87.5 MPH)
Bart Zucker to second
Batting: RHB Jerry Anaya 0-0: Called Strike
0-1: Foul Ball, location: 9LSF
0-2: Foul Ball, location: 5F
0-2: Foul Ball, location: 2F
0-2: Ball
1-2: Ball
2-2: Foul Ball, location: 2F
2-2: Fielders Choice at 2nd, 5-4 (Groundball, 56, EV 87.5 MPH)
Top of the 8th over - 1 run, 2 hits, 1 error, 2 left on base; Fargo-Moorhead 1 - Sioux City 4
BOTTOM OF THE 8TH
Sioux City Explorers batting - Pitching for Fargo-Moorhead RedHawks : LHP Hunter Sommers
Batting: SHB Omar Crespo 0-0: Ball
1-0: Fly out, F9 (Line Drive, 9S, EV 87.5 MPH)
Batting: RHB Mark Lockhart 0-0: Ball
1-0: DOUBLE (Line Drive, 8RXD, EV 101.3 MPH)
Batting: RHB Adrian Tableriou 0-0: Intentional Walk
Batting: RHB Masayoshi Kubo 0-0: Ball
1-0: Ball
2-0: Fly out, F8 (Flyball, 78M, EV 90.6 MPH)
Batting: RHB Lee McNutt 0-0: Ball
1-0: Ball
2-0: Called Strike
2-1: Foul Ball, location: 9LDF
2-2: Hit by Pitch
Mark Lockhart to third
Adrian Tableriou to second
Batting: RHB Matt Moreno 0-0: Ball
1-0: Foul Ball, location: 9LDF
1-1: Fly out, F7 (Flyball, 78M, EV 88.1 MPH)
Bottom of the 8th over - 0 runs, 1 hit, 0 errors, 3 left on base; Fargo-Moorhead 1 - Sioux City 4
TOP OF THE 9TH
Fargo-Moorhead RedHawks batting - Pitching for Sioux City Explorers : RHP Victor Espinoza
Batting: RHB Pedro Altamirano 0-0: Ball
1-0: Foul Ball, location: 23F
1-1: Ball
2-1: Ball
3-1: Called Strike
3-2: Ground out 4-3 (Groundball, 4MD, EV 97.5 MPH)
Batting: RHB Octavio Herrera 0-0: Ball
1-0: Ball
2-0: Ball
3-0: Called Strike
3-1: Base on Balls
Batting: RHB Rafael Arredondo 0-0: Grounds out, U3 (Groundball, 3L, EV 86.9 MPH)
Batting: LHB Nate Berger 0-0: Ball
1-0: Swinging Strike
1-1: Called Strike
1-2: Fly out, F4 (Popup, 34D, EV 71.9 MPH)
Top of the 9th over - 0 runs, 0 hits, 0 errors, 1 left on base; Fargo-Moorhead 1 - Sioux City 4
Thursday, April 11th , 2024 - OOTP Baseball 24.11 Build 85